Map: Tropical Sacrifice

Players

Denilson - Winner!

  • Race: Protoss Protoss
  • League: Silver
  • Spawn Location: 1:00

DarthSmthing

  • Race: Terran Terran
  • League: Silver
  • Spawn Location: 7:00

VOD

Have the link to the VOD?

Description

Time

  • Played on: Aug. 25, 2022, 10:57 p.m.
  • Length: 42:05
Show
View Real Time Build Order
Export as new Build Order

Denilson Protoss - Winner!

Build Orders: Carriers 

Get SALT Encoding   

  12  0:01  Probe  
  13  0:13  Probe  
  14  0:24  Pylon  
  14  0:27  Probe  
  16  0:42  Probe (Chrono Boost)  
  16  0:55  Gateway, Probe (Chrono Boost)  
  17  1:03  Forge  
  17  1:08  Probe (Chrono Boost)  
  17  1:10  Assimilator  
  18  1:20  Probe (Chrono Boost)  
  19  1:27  Probe (Chrono Boost)  
  19  1:29  Pylon  
  20  1:35  Probe  
  20  1:38  Assimilator  
  21  1:47  Probe  
  22  1:50  Photon Cannon  
  22  1:58  Cybernetics Core  
  22  1:59  Probe  
  23  2:14  Pylon  
  23  2:30  Probe  
  23  2:31  Photon Cannon  
  24  2:44  Stargate  
  24  2:52  Photon Cannon  
  24  3:01  Pylon  
  24  3:17  Pylon  
  24  3:29  Photon Cannon  
  24  3:32  Void Ray (Chrono Boost)  
  28  4:01  Nexus  
  28  4:07  Pylon  
  28  4:15  Void Ray (Chrono Boost)  
  32  4:30  Photon Cannon  
  32  4:34  Photon Cannon  
  36  4:46  Void Ray (Chrono Boost)  
  36  4:53  Shield Battery  
  36  4:58  Assimilator  
  36  5:06  Assimilator  
  40  5:24  Void Ray  
  40  5:34  Protoss Shields Level 1  
  40  5:39  Protoss Air Weapons Level 1 (Chrono Boost)  
  40  5:40  Probe (Chrono Boost)  
  42  5:51  Probe (Chrono Boost)  
  42  5:55  Probe (Chrono Boost)  
  43  6:10  Void Ray  
  47  6:41  Probe  
  48  6:53  Probe (Chrono Boost)  
  49  7:04  Probe (Chrono Boost)  
  50  7:09  Probe (Chrono Boost)  
  50  7:15  Void Ray  
  55  7:20  Probe  
  56  7:28  Protoss Air Armor Level 1 (Chrono Boost)  
  56  7:32  Probe  
  56  7:35  Fleet Beacon  
  57  7:44  Probe  
  58  8:05  Photon Cannon  
  62  8:10  Void Ray  
  62  8:17  Shield Battery  
  62  8:19  Flux Vanes  
  62  8:24  Probe (Chrono Boost)  
  64  8:35  Probe (Chrono Boost)  
  64  8:40  Probe (Chrono Boost)  
  64  8:44  Pylon  
  65  8:50  Probe  
  65  8:51  Pylon  
  66  9:02  Probe  
  67  9:14  Probe  
  72  9:27  Void Ray (Chrono Boost)  
  72  9:38  Robotics Facility, Protoss Air Weapons Level 2 (Chrono Boost)  
  72  9:53  Pylon  
  72  9:56  Pylon  
  72  10:07  Pylon  
  72  10:10  Probe  
  72  10:11  Pylon  
  73  10:15  Tempest, Pylon  
  78  10:23  Stargate  
  78  10:52  Photon Cannon  
  78  10:55  Photon Cannon  
  78  10:58  Observer  
  78  11:00  Photon Cannon  
  78  11:03  Carrier  
  85  11:07  Tempest  
  90  11:13  Stargate  
  90  11:20  Unknown, Photon Cannon  
  90  11:25  Photon Cannon  
  90  11:27  Observer  
  91  11:44  Shield Battery  
  91  11:48  Observer  
  91  11:49  Pylon  
  92  11:56  Robotics Bay  
  92  12:00  Tempest  
  97  12:09  Observer  
  98  12:37  Carrier  
  104  12:40  Carrier  
  110  12:47  Carrier  
  116  12:52  Protoss Air Weapons Level 3 (Chrono Boost)  
  116  13:56  Anion Pulse-Crystals  
  123  14:48  Void Ray x3  
  123  14:50  Gravitic Boosters  
  123  15:05  Twilight Council  
  123  15:29  Photon Cannon  
  123  15:32  Photon Cannon  
  123  15:33  Photon Cannon  
  123  15:36  Photon Cannon, Nexus  
  123  15:45  Pylon  
  123  15:47  Pylon  
  123  15:52  Pylon  
  123  15:56  Pylon  
  123  16:03  Protoss Air Armor Level 2 (Chrono Boost)  
  123  16:05  Assimilator  
  123  16:40  Photon Cannon  
  123  16:42  Photon Cannon  
  123  16:45  Photon Cannon  
  135  16:47  Void Ray x3  
  135  16:49  Shield Battery  
  135  16:51  Photon Cannon  
  135  16:54  Probe (Chrono Boost)  
  135  16:55  Photon Cannon  
  135  16:58  Photon Cannon  
  136  17:02  Photon Cannon  
  136  17:05  Probe (Chrono Boost)  
  133  17:09  Probe (Chrono Boost)  
  126  17:20  Probe  
  127  17:31  Photon Cannon  
  127  17:32  Probe  
  127  17:33  Photon Cannon  
  127  17:35  Photon Cannon  
  128  17:58  Shield Battery  
  128  18:01  Shield Battery  
  128  18:03  Shield Battery  
  128  18:06  Nexus  
  128  18:11  Assimilator  
  127  18:40  Protoss Air Armor Level 3 (Chrono Boost)  
  127  18:59  Protoss Shields Level 2  
  127  19:26  Probe (Chrono Boost)  
  128  19:36  Probe (Chrono Boost)  
  128  19:37  Pylon  
  129  19:40  Pylon  
  129  19:41  Probe (Chrono Boost)  
  129  19:43  Pylon  
  129  19:44  Carrier x3  
  148  19:46  Pylon  
  148  19:48  Gravitic Drive  
  148  19:52  Probe  
  129  20:04  Probe  
  122  20:34  Pylon  
  122  20:37  Pylon  
  122  20:38  Assimilator  
  122  20:42  Assimilator  
  122  20:44  Pylon  
  122  20:56  Photon Cannon  
  122  20:59  Photon Cannon  
  122  21:03  Photon Cannon  
  122  21:05  Photon Cannon  
  122  21:07  Photon Cannon  
  122  21:09  Photon Cannon  
  122  21:12  Photon Cannon  
  122  21:31  Nexus  
  122  21:43  Phoenix, Warp Gate (Chrono Boost)  
  122  21:44  Phoenix x2  
  128  21:53  Charge  
  128  21:56  Extended Thermal Lance  
  128  22:30  Pylon  
  128  22:33  Pylon  
  128  22:44  Shield Battery  
  128  22:47  Shield Battery  
  128  22:49  Shield Battery  
  128  23:08  Photon Cannon  
  128  23:11  Photon Cannon  
  100  23:33  Blink  
  94  23:47  Pylon  
  94  23:59  Shield Battery  
  94  24:08  Shield Battery  
  94  24:18  Photon Cannon  
  94  24:19  Photon Cannon  
  106  24:34  Protoss Shields Level 3 (Chrono Boost)  
  106  24:35  Void Ray x2  
  106  24:36  Void Ray  
  106  24:46  Assimilator  
  106  24:49  Assimilator  
  106  25:05  Pylon  
  118  25:15  Void Ray (Chrono Boost)  
  118  25:16  Void Ray x2 (Chrono Boost)  
  126  25:51  Void Ray x2  
  126  25:52  Void Ray  
  106  26:22  Probe  
  107  26:26  Probe  
  108  26:35  Probe (Chrono Boost)  
  108  26:38  Probe (Chrono Boost)  
  111  26:50  Probe (Chrono Boost)  
  111  26:51  Probe (Chrono Boost)  
  112  26:55  Probe (Chrono Boost)  
  112  26:57  Gateway  
  112  26:58  Gateway  
  112  26:59  Gateway  
  113  27:05  Probe  
  113  27:07  Void Ray x3 (Chrono Boost)  
  134  27:42  Void Ray  
  134  27:43  Void Ray x2  
  138  27:53  Protoss Ground Weapons Level 1 (Chrono Boost)  
  138  27:58  Gateway  
  138  27:59  Gateway  
  138  28:01  Gateway  
  138  28:04  Gateway  
  138  28:08  Gateway  
  138  28:11  Gateway  
  138  28:12  Pylon  
  138  28:17  Gateway, Probe (Chrono Boost)  
  138  28:19  Gateway  
  143  28:25  Void Ray  
  143  28:26  Void Ray x2, Probe (Chrono Boost)  
  153  28:27  Probe (Chrono Boost)  
  155  28:34  Probe (Chrono Boost)  
  155  28:35  Probe (Chrono Boost)  
  155  28:39  Probe (Chrono Boost)  
  156  28:43  Photon Cannon, Probe  
  156  28:45  Photon Cannon  
  157  28:50  Probe  
  157  28:53  Nexus  
  157  28:55  Probe  
  159  29:08  Tempest x3 (Chrono Boost)  
  174  29:31  Pylon  
  174  29:34  Pylon  
  174  29:37  Pylon  
  174  29:40  Pylon  
  174  29:55  Protoss Ground Armor Level 1 (Chrono Boost)  
  174  29:57  Gateway  
  174  30:00  Gateway  
  174  30:02  Phoenix x2  
  174  30:03  Phoenix  
  174  30:04  Gateway  
  180  30:08  Gateway  
  180  30:10  Gateway  
  180  30:11  Gateway  
  180  30:19  Photon Cannon  
  180  30:21  Photon Cannon  
  180  30:23  Photon Cannon  
  180  30:25  Photon Cannon, Probe (Chrono Boost)  
  181  30:29  Photon Cannon  
  181  30:34  Photon Cannon, Stalker x2  
  186  30:35  Stalker  
  186  30:36  Stalker x2, Probe (Chrono Boost)  
  186  30:37  Photon Cannon  
  186  30:38  Stalker  
  186  30:41  Probe (Chrono Boost)  
  186  30:52  Probe  
  180  31:04  Probe  
  181  31:12  Stalker x2  
  181  31:13  Stalker x2  
  181  31:14  Stalker  
  181  31:15  Stalker x2  
  181  31:16  Stalker  
  181  31:17  Stalker  
  199  31:45  Probe  
  200  31:52  Nexus  
  200  32:13  Pylon  
  200  32:17  Pylon  
  200  32:22  Pylon  
  200  32:35  Shield Battery  
  200  32:37  Shield Battery  
  200  32:40  Shield Battery  
  200  32:44  Photon Cannon  
  200  32:46  Photon Cannon  
  200  32:48  Photon Cannon  
  188  32:51  Photon Cannon  
  188  32:53  Photon Cannon  
  176  33:14  Assimilator  
  176  33:27  Shield Battery  
  176  33:30  Shield Battery  
  176  33:32  Shield Battery  
  160  34:04  Void Ray x2  
  160  34:06  Void Ray  
  160  34:08  Protoss Ground Weapons Level 2 (Chrono Boost)  
  162  34:32  Probe (Chrono Boost)  
  163  34:43  Probe (Chrono Boost)  
  176  34:47  Void Ray x2  
  176  34:48  Void Ray, Probe (Chrono Boost)  
  176  34:50  Gateway  
  176  34:52  Gateway  
  177  34:57  Gateway  
  177  34:59  Gateway  
  178  35:01  Assimilator, Probe (Chrono Boost)  
  178  35:03  Probe (Chrono Boost)  
  178  35:06  Assimilator  
  179  35:14  Probe (Chrono Boost)  
  181  35:15  Probe (Chrono Boost)  
  181  35:18  Probe (Chrono Boost)  
  180  35:29  Probe  
  180  35:30  Void Ray  
  145  35:41  Probe  
  136  36:02  Probe (Chrono Boost)  
  137  36:13  Probe (Chrono Boost)  
  137  36:18  Probe (Chrono Boost)  
  150  36:19  Void Ray x2 (Chrono Boost)  
  150  36:24  Protoss Ground Armor Level 2 (Chrono Boost)  
  151  36:29  Void Ray (Chrono Boost), Probe  
  152  36:41  Probe  
  152  36:44  Gateway  
  153  36:47  Gateway  
  153  36:49  Gateway  
  153  36:50  Gateway  
  153  36:52  Probe (Chrono Boost)  
  162  36:55  Void Ray x2, Gateway  
  167  37:02  Probe (Chrono Boost)  
  167  37:05  Void Ray  
  167  37:07  Probe (Chrono Boost)  
  167  37:10  Assimilator  
  168  37:18  Probe  
  169  37:30  Probe  
  178  37:38  Void Ray x2  
  182  37:48  Void Ray  
  182  37:53  Gateway  
  182  37:55  Nexus  
  182  38:15  Pylon  
  182  38:17  Pylon  
  190  38:21  Void Ray x2, Pylon  
  166  38:31  Void Ray  
  163  38:49  Stalker x3  
  163  38:50  Protoss Ground Weapons Level 3, Stalker x3  
  163  38:51  Stalker  
  163  38:52  Stalker  
  163  38:53  Stalker x2  
  163  38:55  Stalker  
  167  38:57  Stalker  
  167  38:58  Stalker  
  167  38:59  Stalker  
  167  39:00  Stalker  
  183  39:04  Void Ray x2  
  172  39:24  Stalker  
  172  39:25  Stalker x3  
  172  39:27  Stalker  
  172  39:28  Stalker  
  172  39:29  Stalker  
  172  39:30  Stalker x2  
  190  39:31  Stalker  
  190  39:33  Stalker x2  
  190  39:34  Stalker  
  190  39:36  Stalker  
  144  41:32  Stalker x2  
  144  41:33  Stalker x2  
  144  41:34  Stalker x2  
  144  41:35  Stalker  
  144  41:36  Stalker x2  
  144  41:37  Stalker  
  144  41:38  Stalker  
  144  41:39  Stalker x2  
  166  41:40  Stalker x2  
  166  41:43  Stalker  
  166  41:44  Stalker  
  166  41:45  Stalker  
  166  41:46  Stalker  
  178  42:00  Zealot  
  178  42:01  Zealot x3  
  182  42:02  Zealot x2  
  182  42:03  Zealot x2  
  182  42:04  Zealot x3  
Show
View Real Time Build Order
Export as new Build Order

DarthSmthing Terran 

Build Orders:  

Get SALT Encoding   

  12  0:01  SCV  
  13  0:13  SCV  
  14  0:21  Supply Depot  
  14  0:26  SCV  
  15  0:33  Refinery  
  15  0:46  Barracks  
  15  0:48  SCV  
  16  1:02  SCV  
  17  1:15  SCV  
  18  1:33  Supply Depot  
  18  1:35  Orbital Command  
  18  1:49  Factory  
  18  1:50  Marine  
  19  2:07  Marine  
  20  2:09  Supply Depot  
  20  2:25  Marine  
  21  2:32  Barracks, Supply Depot, SCV  
  21  2:36  Factory Tech Lab  
  22  2:43  Marine  
  23  2:44  SCV  
  24  2:56  SCV  
  25  3:01  Marine  
  26  3:09  SCV  
  26  3:12  Siege Tank  
  30  3:19  Marine x2  
  32  3:21  SCV  
  32  3:24  Refinery  
  33  3:36  Engineering Bay  
  33  3:37  Marine  
  34  3:44  Starport  
  34  3:54  Marine  
  35  4:12  Marine  
  38  4:17  Hellion, Bunker  
  38  4:22  Medivac  
  40  4:27  Barracks Tech Lab  
  40  4:30  Marine  
  43  4:38  Hellion  
  43  4:48  Marine, Bunker  
  44  4:58  Armory  
  44  4:59  Widow Mine  
  46  5:02  Missile Turret  
  46  5:06  Marine  
  47  5:20  Medivac  
  47  5:21  Widow Mine  
  51  5:25  Missile Turret  
  51  5:27  Supply Depot  
  51  5:35  Command Center  
  51  5:36  Marine x2  
  53  5:45  Stimpack  
  53  5:51  Supply Depot  
  53  5:54  Marine x2  
  51  6:29  Marine x2  
  51  6:46  Siege Tank  
  54  6:47  Marine  
  55  6:57  SCV x2  
  55  7:00  Marine  
  58  7:05  Marine  
  59  7:09  SCV x2  
  61  7:18  Siege Tank, Marine, Hi-Sec Auto Tracking  
  61  7:21  SCV x2  
  67  7:22  Marine  
  68  7:32  Missile Turret  
  68  7:33  SCV x2  
  68  7:36  Marine  
  71  7:45  SCV x2  
  73  7:53  Missile Turret  
  73  7:57  SCV  
  73  7:58  SCV  
  75  8:07  Combat Shield  
  75  8:10  SCV  
  76  8:14  Missile Turret  
  76  8:16  Medivac  
  78  8:22  Widow Mine  
  78  8:26  Marine x2  
  82  8:38  Refinery  
  82  8:42  Refinery  
  82  8:43  Marine, Widow Mine  
  85  9:05  Widow Mine  
  77  9:24  Starport Reactor  
  77  9:30  Marine  
  77  9:31  Marine  
  79  9:35  Starport  
  79  9:43  Missile Turret  
  79  9:46  Cyclone  
  79  9:48  Marine x2  
  84  10:04  Missile Turret  
  84  10:06  Marine  
  85  10:19  Widow Mine  
  87  10:25  Missile Turret  
  87  10:40  Widow Mine  
  83  10:42  Viking  
  83  10:43  Viking  
  87  11:01  Widow Mine  
  89  11:12  Viking  
  89  11:13  Viking  
  93  11:25  Marine  
  94  11:39  Marine  
  94  11:40  Cyclone  
  94  11:43  Marine  
  99  11:48  Supply Depot  
  99  11:53  Starport Tech Lab  
  99  11:57  Marine  
  99  11:58  Viking x2  
  104  12:01  Marine  
  105  12:12  Cyclone  
  105  12:14  Supply Depot  
  105  12:15  Marine  
  108  12:19  Marine  
  110  12:28  Viking x2  
  114  12:33  Marine  
  114  12:37  Marine  
  113  12:40  Orbital Command  
  114  12:44  Supply Depot  
  114  12:51  Marine  
  114  12:54  Terran Vehicle Weapons Level 1  
  114  12:58  Terran Infantry Weapons Level 1, Medivac x2  
  119  13:07  Engineering Bay  
  119  13:27  Supply Depot  
  119  13:28  Medivac x2  
  123  13:43  Marine x2  
  125  13:49  Supply Depot, Cyclone  
  126  14:00  Marine  
  126  14:01  Marine  
  128  14:12  Supply Depot  
  125  14:18  Marine  
  125  14:19  Marine  
  125  14:21  Cyclone  
  103  14:36  Marine x2  
  87  14:48  Terran Vehicle And Ship Armor Level 1  
  87  14:53  Cyclone, Terran Infantry Armor Level 1  
  87  14:54  Marine x2  
  92  15:04  Armory  
  92  15:12  Marine x2  
  94  15:25  Factory, Cyclone  
  97  15:30  Marine x2  
  99  15:36  Command Center  
  99  15:46  Missile Turret  
  99  15:47  Marine  
  99  15:48  Marine  
  101  15:57  Thor  
  107  16:05  Missile Turret, Marine x2  
  109  16:22  Viking x2  
  109  16:23  Marine x2  
  109  16:25  Missile Turret  
  114  16:40  Widow Mine  
  114  16:41  Marine x2  
  118  16:50  Factory Tech Lab  
  118  16:52  Viking  
  120  16:55  Viking  
  120  16:59  Marine x2  
  124  17:02  Widow Mine  
  84  17:16  Marine  
  84  17:17  Marine  
  84  17:22  Viking  
  88  17:23  Widow Mine  
  88  17:24  Cyclone  
  93  17:30  Viking  
  93  17:34  Marine x2  
  97  17:44  Thor  
  97  17:50  Barracks  
  103  17:52  Marine, Viking  
  103  17:56  Cyclone  
  109  18:00  Barracks Reactor  
  109  18:10  Terran Infantry Weapons Level 2, Marine  
  110  18:27  Thor  
  110  18:28  Marine, Cyclone  
  120  18:46  Marine  
  119  19:00  Cyclone  
  122  19:04  Marine  
  123  19:10  Cyclone  
  126  19:21  Missile Turret  
  126  19:24  Planetary Fortress  
  126  19:32  Cyclone  
  129  19:41  Missile Turret  
  129  19:42  Cyclone  
  124  20:02  Missile Turret  
  124  20:04  Thor  
  118  20:14  Thor  
  99  20:26  Marine x3, Missile Turret  
  102  20:43  Refinery  
  102  20:44  Marine x3  
  102  20:47  Thor, Refinery  
  111  20:50  Missile Turret  
  111  20:56  Thor  
  111  21:01  Terran Vehicle Weapons Level 2, Marine  
  111  21:02  Marine x2  
  120  21:12  Missile Turret  
  120  21:19  Marine x2  
  120  21:20  Marine  
  123  21:30  Cyclone  
  126  21:37  Marine x3  
  126  21:38  Command Center  
  132  21:40  Cyclone  
  132  21:47  Medivac x2  
  134  21:48  Missile Turret  
  136  21:58  Marine x3  
  139  22:02  Cyclone  
  142  22:08  Missile Turret  
  142  22:16  Marine  
  143  22:30  Missile Turret  
  143  22:47  Marine  
  143  22:48  Marine x2  
  143  22:51  Missile Turret  
  146  22:58  Thor  
  149  23:05  Marine x2  
  149  23:06  Marine  
  146  23:13  Missile Turret  
  138  23:23  Marine x3  
  95  23:35  Missile Turret  
  95  23:40  Thor  
  95  23:41  Thor, Marine x3  
  109  23:59  Marine x3  
  112  24:17  Marine x3  
  112  24:18  Medivac x2, Refinery  
  112  24:21  Refinery  
  119  24:34  Marine  
  119  24:35  Marine x2  
  122  24:40  Terran Infantry Weapons Level 3  
  122  24:49  Terran Infantry Armor Level 2  
  122  24:52  Marine x2  
  122  24:53  Marine  
  125  25:10  Marine  
  57  26:20  Marine x3  
  60  26:38  Marine x3  
  63  26:56  Marine x3  
  66  27:06  Barracks  
  66  27:10  Terran Infantry Armor Level 3  
  66  27:13  Marine  
  66  27:14  Marine x2  
  69  27:31  Marine  
  69  27:32  Marine x2  
  72  27:44  Barracks  
  72  27:58  Barracks  
  72  27:59  Thor x2  
  84  28:09  Barracks Reactor  
  84  28:10  Barracks Reactor  
  84  28:14  Marine x2  
  86  28:31  Marine  
  86  28:32  Marine  
  88  28:40  Planetary Fortress  
  88  28:41  Thor  
  88  28:44  Marine x3  
  88  28:45  Marine  
  88  28:46  Marine x2  
  100  28:49  Barracks, Marine x2, Medivac  
  107  28:55  Cyclone  
  107  29:02  Marine x3  
  109  29:03  Marine  
  109  29:04  Marine x2  
  109  29:07  Marine x2  
  115  29:19  Marine  
  115  29:20  Marine x3  
  115  29:22  Marine x2  
  121  29:25  Marine x2  
  123  29:37  Marine  
  123  29:38  Marine x3  
  125  29:39  Marine  
  125  29:40  Marine  
  125  29:41  Command Center  
  125  29:43  Marine x2  
  131  29:55  Marine  
  131  29:56  Marine x3  
  131  29:57  Marine  
  131  29:58  Marine  
  137  30:00  Marine  
  137  30:01  Marine  
  137  30:02  Medivac  
  141  30:13  Marine x2  
  141  30:14  Marine  
  83  31:04  Viking x2  
  83  31:09  Marine x2  
  83  31:10  Marine x5  
  83  31:11  Marine  
  95  31:26  Medivac  
  95  31:27  Marine x3  
  95  31:28  Marine x5  
  105  31:34  Viking x2  
  109  31:45  Marine x4  
  109  31:46  Marine x4  
  117  31:48  SCV  
  117  31:52  SCV x2  
  120  31:56  Medivac  
  120  32:00  SCV  
  123  32:03  Marine x3  
  123  32:04  Viking x2, SCV x2  
  123  32:05  Command Center  
  132  32:12  SCV  
  133  32:16  SCV x2  
  135  32:24  SCV  
  135  32:28  SCV x2  
  135  32:29  Marine  
  138  32:30  Marine x5  
  138  32:31  Marine x2  
  138  32:34  Thor  
  138  32:36  SCV  
  275  32:37  Medivac  
  153  32:39  Cyclone  
  153  32:40  SCV  
  159  32:47  Marine x2  
  159  32:48  Marine x5  
  159  32:49  Marine  
  106  33:12  Cyclone  
  109  33:16  Refinery  
  109  33:21  Marine x5  
  109  33:22  Marine x3, Refinery  
  117  33:31  Medivac  
  119  33:38  Marine  
  119  33:39  Marine x5  
  119  33:40  Marine x2  
  127  33:56  Marine x2  
  127  33:57  Marine x5  
  127  33:58  Marine  
  129  34:14  Marine x2  
  131  34:31  Planetary Fortress  
  131  34:35  Marine x3, Command Center  
  131  34:36  Marine x5  
  139  34:53  Marine x4  
  139  34:54  Marine x4  
  147  35:01  Cyclone x2  
  147  35:05  Medivac  
  155  35:11  Marine x5  
  155  35:12  Marine x3  
  154  35:28  Marine  
  154  35:29  Marine x5  
  154  35:30  Marine x2  
  125  35:55  Viking x3  
  116  36:01  Marine x2  
  118  36:25  Viking x3  
  120  36:28  Planetary Fortress  
  124  36:38  Missile Turret  
  124  36:43  Refinery  
  124  36:46  Refinery  
  124  36:55  Viking x2, Medivac  
  124  36:58  Missile Turret  
  124  36:59  Missile Turret  
  130  37:02  SCV  
  131  37:11  Terran Vehicle Weapons Level 3  
  131  37:14  SCV  
  132  37:18  Missile Turret  
  132  37:19  Missile Turret  
  132  37:23  Terran Ship Weapons Level 1  
  132  37:25  Viking, Medivac x2  
  132  37:26  SCV  
  139  37:38  Missile Turret  
  139  37:39  SCV  
  139  37:40  Missile Turret  
  140  37:51  SCV  
  141  37:55  Viking x3  
  147  38:01  Missile Turret x2  
  147  38:02  Starport  
  144  38:25  Viking x3  
  147  38:40  Starport  
  93  39:29  Marine x4  
  93  39:30  Marine x2  
  93  39:31  Thor x2  
  99  39:33  Medivac x2  
  99  39:34  Viking  
  99  39:36  Marine x2  
  119  39:43  Terran Ship Weapons Level 2  
  119  39:47  Marine x5  
  119  39:48  Terran Vehicle And Ship Armor Level 2, Marine  
  125  39:53  Marine, Starport Reactor  
  125  39:54  Marine  
  125  39:59  Viking  
  129  40:03  Viking x2  
  129  40:04  Marine, Viking  
  129  40:05  Marine x4  
  129  40:06  Marine  
  140  40:11  Marine  
  98  40:29  Viking  
  98  40:33  Viking x2  
  103  40:42  Viking x3  
  81  40:45  Marine x3  
  81  40:48  Marine x2  
  81  40:49  Marine  
  91  40:53  Thor x2  
  93  40:59  Viking  
  93  41:03  Marine x3, Viking x2  
  100  41:06  Marine x2  
  99  41:12  Viking x2  
  91  41:29  Viking  
  91  41:31  Marine  
Tags
 
Composition
Carriers
Matchup
PvT
Spawn Locations
Cross Positions
Add a new tag
Caveats
  • Supply blocks, unpowered buildings, or Contaminate may cause inaccurate times.
  • Supply counts are checked every 10 seconds.